TOP OF THE 1ST |
Dayton Dragons batting - Pitching for Greensboro Grasshoppers : LHP Mike Wasson
|
Pitching: LHP Mike Wasson
|
|
Batting: RHB Jake Savell
|
0-0: Ball 1-0: Called Strike 1-1: Called Strike 1-2: Hit by Pitch
|
Batting: LHB Leo Gomez
|
0-0: Ball 1-0: Fly out, F8 (Flyball, 8RD, EV 75.0 MPH)
|
Batting: RHB Andy Bachman
|
0-0: SINGLE (Groundball, 6D, EV 108.8 MPH) Jake Savell to second Runner from 2nd tries for 3rd, OUT! 7-5
|
Batting: RHB Chris Zamora
|
0-0: Called Strike 0-1: Ball 1-1: Swinging Strike 1-2: Ball 2-2: Fielders Choice at 2nd, 6-4 (Groundball, 6, EV 108.8 MPH)
|
Top of the 1st over - 0 runs, 1 hit, 0 errors, 1 left on base; Dayton 0 - Greensboro 0 |
BOTTOM OF THE 1ST |
Greensboro Grasshoppers batting - Pitching for Dayton Dragons : RHP Narciso Umbelino
|
Pitching: RHP Narciso Umbelino
|
|
Batting: RHB Harrie de Kam
|
0-0: Swinging Strike 0-1: Ball 1-1: Foul Ball, location: 2F 1-2: Ball 2-2: Foul Ball, location: 2F 2-2: Ball 3-2: Strikes out swinging
|
Batting: RHB Rafael Irizarry
|
0-0: Ball 1-0: Ball 2-0: Fly out, F8 (Flyball, 89D, EV 76.2 MPH)
|
Batting: RHB Nate Crofts
|
0-0: Ball 1-0: Foul Ball, location: 2F 1-1: Ground out 4-3 (Groundball, 4, EV 85.6 MPH)
|
Bottom of the 1st over - 0 runs, 0 hits, 0 errors, 0 left on base; Dayton 0 - Greensboro 0 |
TOP OF THE 2ND |
Dayton Dragons batting - Pitching for Greensboro Grasshoppers : LHP Mike Wasson
|
Batting: RHB Mark Williams
|
0-0: Ball 1-0: Called Strike 1-1: Hit by Pitch
|
Batting: LHB Matt Kennedy
|
0-0: Ball 1-0: Ball 2-0: Foul Ball, location: 2F 2-1: Called Strike 2-2: Ball 3-2: Strikes out looking
|
Batting: RHB Juan Zamora
|
0-0: Ball 1-0: Foul Ball, location: 2F 1-1: Ball 2-1: Foul Ball, location: 2F 2-2: Ball 3-2: Strikes out swinging Mark Williams steals 2nd base Batter strikes out.
|
Batting: RHB Aaron Barraza
|
0-0: SINGLE (Groundball, 56D, EV 106.9 MPH) Mark Williams to third Runner from 3rd tries for Home, throw by LF and OUT! 7-2
|
Top of the 2nd over - 0 runs, 1 hit, 0 errors, 1 left on base; Dayton 0 - Greensboro 0 |
BOTTOM OF THE 2ND |
Greensboro Grasshoppers batting - Pitching for Dayton Dragons : RHP Narciso Umbelino
|
Batting: LHB Ryan Karg
|
0-0: Ball 1-0: Foul Ball, location: 2F 1-1: Ball 2-1: Fly out, F9 (Flyball, 9S, EV 77.5 MPH)
|
Batting: LHB Justin Blakely
|
0-0: Foul Ball, location: 2F 0-1: Called Strike 0-2: Foul Ball, location: 2F 0-2: Ground out 4-3 (Groundball, 34, EV 104.4 MPH)
|
Batting: LHB Ryan Thompson
|
0-0: Called Strike 0-1: Foul Ball, location: 2F 0-2: Ball 1-2: Ball 2-2: Ball 3-2: Ground out 4-3 (Groundball, 4MS, EV 88.8 MPH)
|
Bottom of the 2nd over - 0 runs, 0 hits, 0 errors, 0 left on base; Dayton 0 - Greensboro 0 |
TOP OF THE 3RD |
Dayton Dragons batting - Pitching for Greensboro Grasshoppers : LHP Mike Wasson
|
Batting: LHB Chris Redhead
|
0-0: Called Strike 0-1: Foul Ball, location: 2F 0-2: SINGLE (Groundball, 6M, EV 98.1 MPH) (infield hit)
|
Batting: RHB Jake Savell
|
0-0: Fly out, F9 (Flyball, 9S, EV 78.8 MPH)
|
Batting: LHB Leo Gomez
|
0-0: Called Strike 0-1: Ball 1-1: Ball 2-1: Swinging Strike 2-2: Foul Ball, location: 2F 2-2: Foul Ball, location: 2F 2-2: Foul Ball, location: 2F 2-2: Foul Ball, location: 2F 2-2: Strikes out swinging
|
Batting: RHB Andy Bachman
|
0-0: Ball 1-0: Called Strike 1-1: Foul Ball, location: 2F 1-2: Strikes out looking
|
Top of the 3rd over - 0 runs, 1 hit, 0 errors, 1 left on base; Dayton 0 - Greensboro 0 |
BOTTOM OF THE 3RD |
Greensboro Grasshoppers batting - Pitching for Dayton Dragons : RHP Narciso Umbelino
|
Batting: RHB Dennis Coppolino
|
0-0: Ground out 6-3 (Groundball, 56, EV 98.1 MPH)
|
Batting: RHB J.D. Vander Klok
|
0-0: Ball 1-0: Swinging Strike 1-1: Ground out 6-3 (Groundball, 6, EV 84.4 MPH)
|
Batting: RHB Nick Dunton
|
0-0: Called Strike 0-1: Ground out 6-3 (Groundball, 6, EV 87.5 MPH)
|
Bottom of the 3rd over - 0 runs, 0 hits, 0 errors, 0 left on base; Dayton 0 - Greensboro 0 |
TOP OF THE 4TH |
Dayton Dragons batting - Pitching for Greensboro Grasshoppers : LHP Mike Wasson
|
Batting: RHB Chris Zamora
|
0-0: Ball 1-0: Called Strike 1-1: Ball 2-1: Fly out, F8 (Line Drive, 8RS, EV 96.2 MPH)
|
Batting: RHB Mark Williams
|
0-0: Ball 1-0: Ball 2-0: DOUBLE (Line Drive, 3D, EV 106.9 MPH)
|
Batting: LHB Matt Kennedy
|
0-0: Called Strike 0-1: Foul Ball, location: 2F 0-2: Ball 1-2: Ball 2-2: Strikes out looking
|
Batting: RHB Juan Zamora
|
0-0: Called Strike 0-1: Ball Wild Pitch! Mark Williams to third 1-1: Swinging Strike 1-2: Foul Ball, location: 2F 1-2: Strikes out swinging
|
Top of the 4th over - 0 runs, 1 hit, 0 errors, 1 left on base; Dayton 0 - Greensboro 0 |
BOTTOM OF THE 4TH |
Greensboro Grasshoppers batting - Pitching for Dayton Dragons : RHP Narciso Umbelino
|
Batting: RHB Harrie de Kam
|
0-0: Fly out, F8 (Flyball, 8RD, EV 78.1 MPH)
|
Batting: RHB Rafael Irizarry
|
0-0: Ball 1-0: Ball 2-0: Foul Ball, location: 2F 2-1: Foul Ball, location: 2F 2-2: Ball 3-2: Base on Balls
|
Batting: RHB Nate Crofts
|
0-0: Ball Rafael Irizarry steals 2nd base 1-0: Ball Rafael Irizarry steals 3rd base 2-0: Fly out, F9 (Line Drive, 9D, EV 85.0 MPH) Runner from 3rd tags up, SCORES, no throw by RF
|
Batting: LHB Ryan Karg
|
0-0: Called Strike 0-1: Fly out, F8 (Flyball, 78M, EV 87.5 MPH)
|
Bottom of the 4th over - 1 run, 0 hits, 0 errors, 0 left on base; Dayton 0 - Greensboro 1 |
TOP OF THE 5TH |
Dayton Dragons batting - Pitching for Greensboro Grasshoppers : LHP Mike Wasson
|
Batting: RHB Aaron Barraza
|
0-0: Called Strike 0-1: Swinging Strike 0-2: Ball 1-2: Ball 2-2: Foul Ball, location: 2F 2-2: Ball 3-2: Foul Ball, location: 2F 3-2: Ground out 5-3 (Groundball, 56S, EV 86.2 MPH)
|
Batting: LHB Chris Redhead
|
0-0: Ball 1-0: Ball 2-0: Ball 3-0: Called Strike 3-1: Foul Ball, location: 2F 3-2: Strikes out swinging
|
Batting: RHB Jake Savell
|
0-0: Called Strike 0-1: Foul Ball, location: 2F 0-2: Foul Ball, location: 2F 0-2: Ground out 4-3 (Groundball, 4, EV 103.1 MPH)
|
Top of the 5th over - 0 runs, 0 hits, 0 errors, 0 left on base; Dayton 0 - Greensboro 1 |
BOTTOM OF THE 5TH |
Greensboro Grasshoppers batting - Pitching for Dayton Dragons : RHP Narciso Umbelino
|
Batting: LHB Justin Blakely
|
0-0: Called Strike 0-1: Called Strike 0-2: Ball 1-2: Ball 2-2: Foul Ball, location: 2F 2-2: Strikes out swinging
|
Batting: LHB Ryan Thompson
|
0-0: Ball 1-0: Swinging Strike 1-1: Swinging Strike 1-2: Ball 2-2: Ball 3-2: Foul Ball, location: 2F 3-2: Foul Ball, location: 2F 3-2: Base on Balls
|
Batting: RHB Dennis Coppolino
|
0-0: Swinging Strike 0-1: Ball 1-1: Ball 2-1: Called Strike 2-2: Foul Ball, location: 2F 2-2: Ball 3-2: Base on Balls Ryan Thompson to second
|
Batting: RHB J.D. Vander Klok
|
0-0: Called Strike 0-1: Foul Ball, location: 2F 0-2: Strikes out swinging
|
Batting: RHB Nick Dunton
|
0-0: Foul Ball, location: 2F 0-1: Ball 1-1: Ball 2-1: Foul Ball, location: 2F 2-2: Foul Ball, location: 2F 2-2: Strikes out looking
|
Bottom of the 5th over - 0 runs, 0 hits, 0 errors, 2 left on base; Dayton 0 - Greensboro 1 |
TOP OF THE 6TH |
Dayton Dragons batting - Pitching for Greensboro Grasshoppers : LHP Mike Wasson
|
Batting: LHB Leo Gomez
|
0-0: Called Strike 0-1: Ball 1-1: Called Strike 1-2: Ball 2-2: Strikes out swinging
|
Pitching: RHP Joe Lynn
|
|
Batting: RHB Andy Bachman
|
0-0: Ball 1-0: Foul Ball, location: 2F 1-1: Foul Ball, location: 2F 1-2: SINGLE (Groundball, 23, EV 60.6 MPH) (infield hit)
|
Batting: RHB Chris Zamora
|
0-0: SINGLE (Flyball, 3D, EV 95.0 MPH) Andy Bachman to second
|
Batting: RHB Mark Williams
|
0-0: Swinging Strike 0-1: Fielders Choice at 2nd, 3-6 (Groundball, 34S, EV 93.1 MPH) Andy Bachman to third
|
Batting: LHB Matt Kennedy
|
0-0: Called Strike 0-1: Swinging Strike 0-2: Ball 1-2: Strikes out looking
|
Top of the 6th over - 0 runs, 2 hits, 0 errors, 2 left on base; Dayton 0 - Greensboro 1 |
BOTTOM OF THE 6TH |
Greensboro Grasshoppers batting - Pitching for Dayton Dragons : RHP Narciso Umbelino
|
Batting: RHB Harrie de Kam
|
0-0: Ball 1-0: Foul Ball, location: 2F 1-1: Foul Ball, location: 2F 1-2: Ball 2-2: Strikes out swinging
|
Batting: RHB Rafael Irizarry
|
0-0: Ball 1-0: Foul Ball, location: 2F 1-1: Foul Ball, location: 2F 1-2: Strikes out swinging
|
Batting: RHB Nate Crofts
|
0-0: Ball 1-0: Ground out 4-3 (Groundball, 34, EV 83.1 MPH)
|
Bottom of the 6th over - 0 runs, 0 hits, 0 errors, 0 left on base; Dayton 0 - Greensboro 1 |
TOP OF THE 7TH |
Dayton Dragons batting - Pitching for Greensboro Grasshoppers : RHP Joe Lynn
|
Pitching: RHP Mike Yorke
|
|
Batting: RHB Juan Zamora
|
0-0: Called Strike 0-1: Ball 1-1: Called Strike 1-2: Strikes out swinging
|
Batting: RHB Aaron Barraza
|
0-0: Reached on error, E4 (Groundball, 4D, EV 104.4 MPH)
|
Batting: LHB Chris Redhead
|
0-0: Foul Ball, location: 2F 0-1: Ball 1-1: Called Strike 1-2: Ball 2-2: Fielders Choice at 2nd, 6-4 (Groundball, 6, EV 85.6 MPH)
|
Pinch Hitting: LHB Jeremy Robertson
|
0-0: Ball 1-0: Foul Ball, location: 2F 1-1: 2-RUN HOME RUN (Flyball, 89XD, EV 113.1 MPH), Distance : 441 ft
|
Batting: LHB Leo Gomez
|
0-0: Ball 1-0: Called Strike 1-1: Swinging Strike 1-2: Strikes out swinging
|
Top of the 7th over - 2 runs, 1 hit, 1 error, 0 left on base; Dayton 2 - Greensboro 1 |
BOTTOM OF THE 7TH |
Greensboro Grasshoppers batting - Pitching for Dayton Dragons : RHP Narciso Umbelino
|
Now at 1B: Yutaka Sato
|
|
Now at 2B: Juan Zamora
|
|
Now at SS: Jeremy Robertson
|
|
Batting: LHB Ryan Karg
|
0-0: Called Strike 0-1: Ball 1-1: Ball 2-1: Ball 3-1: SINGLE (Groundball, 4D, EV 98.1 MPH)
|
Batting: LHB Justin Blakely
|
0-0: Called Strike 0-1: Swinging Strike 0-2: Ball 1-2: Foul Ball, location: 2F 1-2: Foul Ball, location: 2F 1-2: Strikes out swinging
|
Pitching: LHP Alec Valencia
|
|
Batting: LHB Ryan Thompson
|
0-0: Fly out, F8 (Flyball, 8LD, EV 105.0 MPH)
|
Pitching: RHP Jose Marrero
|
|
Batting: RHB Dennis Coppolino
|
0-0: Ball 1-0: Ball 2-0: Foul Ball, location: 2F 2-1: Foul Ball, location: 2F 2-2: Ball 3-2: Strikes out swinging
|
Bottom of the 7th over - 0 runs, 1 hit, 0 errors, 1 left on base; Dayton 2 - Greensboro 1 |
TOP OF THE 8TH |
Dayton Dragons batting - Pitching for Greensboro Grasshoppers : RHP Mike Yorke
|
Pitching: RHP Dan Durand
|
|
Batting: RHB Andy Bachman
|
0-0: Ball 1-0: Ball 2-0: SINGLE (Groundball, 6M, EV 100.0 MPH) (infield hit)
|
Batting: RHB Chris Zamora
|
0-0: Called Strike 0-1: Called Strike Andy Bachman is caught stealing 2nd base 2-4 0-2: Ball 1-2: Ball 2-2: Foul Ball, location: 2F 2-2: SINGLE (Groundball, 6MS, EV 87.5 MPH) (infield hit)
|
Batting: RHB Yutaka Sato
|
0-0: Ball 1-0: Foul Ball, location: 2F 1-1: Foul Ball, location: 2F 1-2: Strikes out swinging
|
Batting: LHB Matt Kennedy
|
0-0: Called Strike 0-1: Ball 1-1: Ball 2-1: Ball 3-1: Called Strike 3-2: Base on Balls Chris Zamora to second
|
Batting: RHB Juan Zamora
|
0-0: Ball 1-0: Ball 2-0: Ground out 5-3 (Groundball, 56S, EV 79.4 MPH)
|
Top of the 8th over - 0 runs, 2 hits, 0 errors, 2 left on base; Dayton 2 - Greensboro 1 |
BOTTOM OF THE 8TH |
Greensboro Grasshoppers batting - Pitching for Dayton Dragons : RHP Jose Marrero
|
Now in RF: Tim Kirk
|
|
Batting: RHB J.D. Vander Klok
|
0-0: Foul Ball, location: 2F 0-1: Called Strike 0-2: Foul Ball, location: 2F 0-2: Strikes out looking
|
Batting: RHB Nick Dunton
|
0-0: Ball 1-0: Ground out 1-3 (Groundball, 13S, EV 64.4 MPH)
|
Batting: RHB Harrie de Kam
|
0-0: Foul Ball, location: 2F 0-1: Swinging Strike 0-2: Strikes out swinging
|
Bottom of the 8th over - 0 runs, 0 hits, 0 errors, 0 left on base; Dayton 2 - Greensboro 1 |
TOP OF THE 9TH |
Dayton Dragons batting - Pitching for Greensboro Grasshoppers : RHP Dan Durand
|
Pitching: RHP Bill Padgett
|
|
Batting: RHB Aaron Barraza
|
0-0: Called Strike 0-1: Ground out 5-3 (Groundball, 5, EV 83.8 MPH)
|
Batting: LHB Chris Redhead
|
0-0: Called Strike 0-1: Ball 1-1: Foul Ball, location: 2F 1-2: Ball 2-2: Foul Ball, location: 2F 2-2: Fly out, F4 (Popup, 3S, EV 84.4 MPH)
|
Batting: LHB Jeremy Robertson
|
0-0: Foul Ball, location: 2F 0-1: Foul Ball, location: 2F 0-2: Ball 1-2: Ground out 4-3 (Groundball, 4, EV 103.8 MPH)
|
Top of the 9th over - 0 runs, 0 hits, 0 errors, 0 left on base; Dayton 2 - Greensboro 1 |
BOTTOM OF THE 9TH |
Greensboro Grasshoppers batting - Pitching for Dayton Dragons : RHP Jose Marrero
|
Pitching: RHP Juan Hernandez
|
|
Batting: RHB Rafael Irizarry
|
0-0: Ground out 6-3 (Groundball, 6, EV 85.0 MPH)
|
Batting: RHB Nate Crofts
|
0-0: Ball 1-0: Called Strike 1-1: Ball 2-1: Swinging Strike 2-2: Strikes out looking
|
Batting: LHB Ryan Karg
|
0-0: Ball 1-0: Ball 2-0: Ball 3-0: Base on Balls
|
Batting: LHB Justin Blakely
|
0-0: SINGLE (Groundball, 34D, EV 106.2 MPH) Ryan Karg to second Runner from 2nd tries for 3rd, OUT! 9-5
|
Bottom of the 9th over - 0 runs, 1 hit, 0 errors, 1 left on base; Dayton 2 - Greensboro 1 |
|